 Dungeon Crawl Stone Soup version 0.32-a0-643-ga006e7742e (webtiles) character file.

Game seed: 12461840601372508410

760 dialectric the Charlatan (level 7, -8/79 HPs)
             Began as a Coglin Artificer on Mar 7, 2024.
             Was a Priest of Wu Jian.
             Mangled by an iguana (10 damage)
             ... on level 5 of the Dungeon.
             The game lasted 00:09:23 (4484 turns).

dialectric the Charlatan (Coglin Artificer)         Turns: 4484, Time: 00:09:23

Health: -8/79      AC: 23    Str: 13    XL:     7   Next: 80%
Magic:  7/7        EV:  2    Int: 10    God:    Wu Jian [***...]
Gold:   46         SH:  0    Dex: 16    Spells: 6/6 levels left

rFire   . . .        l - +0 short sword {Narong}
rCold   . . .        f - +0 dagger {Paramjit}
rNeg    . . .        G - melded +1 leather armour {rPois}
rPois   +            (helmet currently unavailable)
rElec   .            (cloak currently unavailable)
rCorr   .            (gloves currently unavailable)
SInv    .            t - melded +0 pair of boots
Will    .....        (no amulet)
Stlth   +++          (no ring)
HPRegen 0.33/turn    (no ring)
MPRegen 0.10/turn    (no gizmo)

%: no passive effects
@: tree-form, revved
A: stationary, stasis, torment immunity, boosted hp, off-hand wielding, slow
wielding, warmup strikes, (no jewellery)
a: Invent Gizmo, Renounce Religion, Wall Jump, Serpent's Lash


You were on level 5 of the Dungeon.
You worshipped Wu Jian.
Wu Jian was most pleased with you.
You were a tree.
You visited 1 branch of the dungeon, and saw 5 of its levels.
You also visited: Sewer.

You collected 184 gold pieces.
You spent 138 gold pieces at shops.

Inventory:

Hand Weapons
 a - a +0 club {Francisco}
 f - a +0 dagger (offhand) {Paramjit}
 l - a +0 short sword (weapon) {Narong}
 n - a +0 dagger of pain
 w - a +0 sling
Missiles
 s - 3 throwing nets
Armour
 b - a +0 leather armour
 t - a +0 pair of boots (melded)
 G - a +1 leather armour of poison resistance (melded)
Wands
 c - a wand of flame (1) (quivered)
 e - a wand of iceblast (6)
 u - a wand of polymorph (5)
Scrolls
 g - 3 scrolls of fog
 h - 2 scrolls of vulnerability {unknown}
 i - a scroll of identify
 k - 2 scrolls of enchant armour {unknown}
 m - 2 scrolls of amnesia {unknown}
 o - a scroll of blinking
 q - a scroll of poison {unknown}
 r - a scroll of enchant weapon {unknown}
 v - 2 scrolls of immolation
 x - a scroll of teleportation {unknown}
 y - a scroll of torment {unknown}
 C - a scroll of acquirement {unknown}
 F - a scroll of fear
 H - a scroll of brand weapon {unknown}
Potions
 j - 2 potions of haste
 B - a potion of cancellation
 D - a potion of might {unknown}
 E - a potion of magic


   Skills:
 + Level 3.6 Fighting
 + Level 2.8 Short Blades
 + Level 3.7 Armour
 + Level 3.3 Dodging
 * Level 3.6 Stealth
 - Level 4.0 Evocations


You had 6 spell levels left.
You didn't know any spells.
Your spell library contained the following spells:

 Spells                   Type           Power      Damage    Failure   Level
 Fugue of the Fallen      Necr           0%         N/A       75%         3
 Inner Flame              Hex/Fire       0%         N/A       75%         3
 Ozocubu's Armour         Ice            0%         N/A       75%         3
 Ignite Poison            Fire/Alch      0%         N/A       98%         4
 Manifold Assault         Tloc           0%         N/A       98%         4
 Sticky Flame             Fire/Alch      0%         2d4       98%         4
 Irradiate                Conj/Alch      0%         3d11      100%        5
 Dispersal                Tloc           0%         N/A       100%        6
 Disjunction              Tloc           0%         N/A       100%        8
 Ignition                 Fire           0%         3d3       100%        8


Dungeon Overview and Level Annotations

Branches:
Dungeon (5/15)              Sewer (visited)
 Temple: D:4-7

Altars:
Wu Jian
The Shining One

Shops:
D:3 ?

Annotations:
D:4 3 runed translucent doors, Dittersdorf's ghost, novice GrFi; MiniTore's ghost, amateur CoBe; ezpacito's ghost, amateur CoCK


Innate Abilities, Weirdness & Mutations

You are a tree.
Your roots penetrate the ground, keeping you stationary.
You cannot be teleported.
You are immune to unholy pain and torment.
Your maximum health is greatly increased.
Your equipment is partially melded.
You can wield a second weapon in your off-hand.
It takes a long time for you to wield or remove held weapons.
Your first few attacks do less damage.
((You cannot equip rings or amulets.))


Message History

You completely miss the iguana with your +0 dagger.
The iguana bites you but does no damage.
You closely miss the iguana with your +0 dagger.
The iguana is almost dead.
You hit the iguana but do no damage.
You barely miss the iguana with your +0 short sword.
The iguana is almost dead.
You hit the iguana but do no damage. The iguana bites you!
* * * LOW HITPOINT WARNING * * *
You hit the iguana with your +0 short sword.
The iguana is almost dead.
You hit the iguana but do no damage.
The iguana bites you but does no damage.
You hit the iguana but do no damage.
The iguana is almost dead.
You hit the iguana but do no damage.
The iguana bites you but does no damage.
You hit the iguana but do no damage.
The iguana is almost dead.
You barely miss the iguana with your +0 short sword.
The iguana bites you but does no damage.
You hit the iguana but do no damage.
The iguana is almost dead.
You closely miss the iguana with your +0 short sword.
The iguana bites you but does no damage.
You closely miss the iguana with your +0 short sword.
The iguana is almost dead.
You hit the iguana but do no damage. The iguana bites you.
* * * LOW HITPOINT WARNING * * *
You hit the iguana but do no damage.
The iguana is almost dead.
You hit the iguana but do no damage.
The iguana bites you but does no damage.
You hit the iguana but do no damage.
The iguana is almost dead.
You completely miss the iguana with your +0 short sword.
You hit the iguana but do no damage.
The iguana is almost dead.
You hit the iguana but do no damage. The iguana bites you!
You die...

#.# ######.## #[......###
# #.#.......# #
#.#.##..#.# # #.#.....#.#
# #.#..##.#.# ###
#.......#.######## ..#
###.........♣l†..#
#.######.......#####.#
#..............# . ...
..######.####..##.##.##.#
#.# #.##........#.# # ..#
#.##.#........# ..#
#.##.#..####### .##
#.......# .# ####.####


You could see an iguana.

Vanquished Creatures
  An ogre (D:4)
  A bullfrog (D:4)
  A scorpion (D:4)
  2 killer bees
  A bombardier beetle (D:5)
  A hound (D:4)
  2 gnoll boudas
  Jessica (D:2)
  An iguana (D:5)
  An orc wizard (D:4)
  7 gnolls
  4 adders
  2 river rats
  A white imp (D:5)
  A ribbon worm (D:5)
  4 dart slugs
  4 orcs
  13 ball pythons
  4 bats
  8 endoplasms
  4 giant cockroaches
  5 goblins
  11 hobgoblins
  2 jackals (D:4)
  5 quokkas
  3 frilled lizards
  7 kobolds
  26 rats
123 creatures vanquished.

Vanquished Creatures (collateral kills)
  An adder (Sewer)
  A gnoll (D:2)
  2 dart slugs
  A goblin (D:3)
  A ball python (Sewer)
  A frilled lizard (Sewer)
  A rat (D:3)
8 creatures vanquished.

Vanquished Creatures (others)
  A bullfrog (Sewer)
  2 gnolls (D:3)
3 creatures vanquished.

Grand Total: 134 creatures vanquished

Notes
Turn   | Place    | Note
-------+----------+-------------------------------------------
     0 | D:1      | dialectric the Coglin Artificer began the quest for the
                  | Orb.
     0 | D:1      | Reached XP level 1. HP: 15/15 MP: 1/1
    43 | D:1      | Reached skill level 1 in Dodging
    62 | D:1      | Reached skill level 1 in Stealth
   149 | D:1      | Reached XP level 2. HP: 11/21 MP: 2/2
   523 | D:1      | Reached XP level 3. HP: 25/26 MP: 3/3
   672 | D:1      | Found a faded altar of an unknown god.
   888 | D:1      | Prayed at the altar of an unknown god.
   888 | D:1      | Became a worshipper of the Wu Jian Council
   888 | D:1      | Reached * piety under Wu Jian
   949 | D:2      | Reached XP level 4. HP: 22/33 MP: 4/4
  1323 | D:2      | Noticed Jessica
  1344 | D:2      | Killed Jessica
  1345 | D:2      | Reached skill level 1 in Short Blades
  1462 | D:2      | Reached XP level 5. HP: 38/38 MP: 5/5
  1506 | D:2      | Reached ** piety under Wu Jian
  1787 | D:3      | Noticed Ijyb
  1839 | D:3      | Ijyb changed into Ijyb the killer bee
  1839 | D:3      | Noticed Ijyb
  1889 | D:3      | Killed Ijyb the killer bee
  2006 | D:3      | Found Imaps's Magic Scroll Shoppe.
  2010 | D:3      | Bought a scroll of blinking for 90 gold pieces
  2516 | D:3      | Reached XP level 6. HP: 46/46 MP: 6/6
  2710 | D:4      | Found a runed translucent gate.
  2775 | D:4      | Found a runed translucent gate.
  2775 | D:4      | Found a runed translucent gate.
  2779 | D:4      | Noticed ezpacito's ghost (amateur CoCK)
  2779 | D:4      | Noticed MiniTore's ghost (amateur CoBe)
  2780 | D:4      | Noticed Dittersdorf's ghost (novice GrFi)
  2905 | D:4      | Found a glowing drain.
  2914 | Sewer    | Entered a sewer
  3136 | Sewer    | Reached *** piety under Wu Jian
  3220 | Sewer    | Reached XP level 7. HP: 18/52 MP: 7/7
  3793 | D:5      | Entered Level 5 of the Dungeon
  3857 | D:5      | Found a glowing golden altar of the Shining One.
  4306 | D:3      | Bought a scroll of fear for 48 gold pieces
  4439 | D:5      | Noticed Edmund
  4468 | D:5      | Edmund changed into Edmund the killer bee
  4468 | D:5      | Noticed Edmund
  4473 | D:5      | Killed Edmund the killer bee
  4476 | D:5      | HP: 2/79 [iguana (9)]
  4481 | D:5      | HP: 2/79 [iguana (2)]
  4484 | D:5      | Mangled by an iguana

Illustrated notes

Levels and vault maps discovered:
D:1:      evilmike_arrival_crescent, layout_basic,
          shapermc_ecumenical_altar_ellora, serial_curves, eino_curves_03,
          eino_curves_01, eino_curves_04, eino_curves_03
D:2:      layout_loops_ring, uniq_jessica
D:3:      layout_loops_cross, serial_shops, nicolae_shop_just_a_little_nook,
          uniq_ijyb
D:4:      layout_cave_pools, portal_sewer_entry_a, gammafunk_ghost_cemetery,
          minmay_crossroads
D:5:      layout_loops_cross, mainiacjoe_overflow_alcove_4, uniq_edmund

Skill      XL: |  1  2  3  4  5  6  7 |
---------------+----------------------+-----
Dodging        | 1 2 3 |  3.3
Stealth        | 1 2 3 |  3.6
Armour         | 2 3 |  3.7
Fighting       | 2 3 |  3.6
Short Blades   | 1 2 |  2.8
Evocations     | |  4.0

Action                     |  1- 3 |  4- 6 |  7- 9 || total
---------------------------+-------+-------+-------++-------
  Melee: Club              |    34 |       |       ||    34
         Dagger            |    79 |   157 |    85 ||   321
         Short sword       |    52 |   165 |    89 ||   306
Ability: Lunge             |     2 |    19 |     2 ||    23
         Whirlwind         |       |     8 |     1 ||     9
  Evoke: Wand              |     1 |    37 |    26 ||    64
    Use: Potion            |       |     5 |     2 ||     7
         Scroll            |       |     1 |     7 ||     8
   Stab: Sleeping          |     2 |     8 |       ||    10
         Distracted        |     1 |       |       ||     1
 Armour: Leather armour    |    52 |   139 |    48 ||   239
         Skin              |       |       |    30 ||    30
  Dodge: Dodged            |    55 |   132 |    43 ||   230

Table legend: (Time is in decaauts)
 A = Elapsed time spent in this place.
 B = Non-inter-level travel time spent in this place.
 C = Inter-level travel time spent in this place.
 D = Time resting spent in this place.
 E = Time spent auto-exploring this place.
 F = Levels seen in this place.
 G = Mean time per level.
                   A        B        C        D        E       F      G
               +--------+--------+--------+--------+--------+-----+--------+
         Total |   4520 |   4317 |    203 |    708 |   2434 |   6 |  753.3 |
       Dungeon |   4153 |   3950 |    203 |    628 |   2322 |   5 |  830.6 |
         Sewer |    367 |    367 |      0 |     80 |    112 |   1 |  367.0 |
               +--------+--------+--------+--------+--------+-----+--------+

Top non-repeatable levels by time:
     D:4: 1269 daAuts
     D:1: 920 daAuts
     D:3: 844 daAuts
     D:2: 821 daAuts
   Sewer: 367 daAuts
     D:5: 297 daAuts
